SNL (28 & UNDER)
SALEM SILVER SOULS @ GAINESVILLE GUIDOS
09/18/2027
 
TOP OF THE 1ST
Salem Silver Souls batting - Pitching for Gainesville Guidos : LHP Ben Head
Pitching: LHP Ben Head
Batting: LHB Nick Scott 0-0: Fly out, F5 (Popup, 56D)
Batting: RHB Tom Hughes 0-0: Ball
1-0: Foul Ball, location: 2F
1-1: Foul Ball, location: 2F
1-2: Foul Ball, location: 2F
1-2: Strikes out swinging
Batting: LHB Chance Santry 0-0: SINGLE (Line Drive, 4MD)
Batting: RHB Gustavo Pagán 0-0: Ball
1-0: Fly out, F9 (Flyball, 9S)
Top of the 1st over - 0 run(s), 1 hit(s), 0 error(s), 1 left on base; Salem 0 - Gainesville 0
BOTTOM OF THE 1ST
Gainesville Guidos batting - Pitching for Salem Silver Souls : RHP Pat Wyatt
Pitching: RHP Pat Wyatt
Batting: LHB Eddy Jefferson 0-0: Ball
1-0: Ball
2-0: Called Strike
2-1: Ball
3-1: Fly out, F4 (Popup, 34)
Batting: RHB Doug Coleman 0-0: Swinging Strike
0-1: Swinging Strike
0-2: Ball
1-2: Strikes out swinging
Batting: RHB Lynn Ford 0-0: Ball
1-0: Ball
2-0: Called Strike
2-1: Swinging Strike
2-2: Fly out, F9 (Flyball, 9S)
Bottom of the 1st over - 0 run(s), 0 hit(s), 0 error(s), 0 left on base; Salem 0 - Gainesville 0
TOP OF THE 2ND
Salem Silver Souls batting - Pitching for Gainesville Guidos : LHP Ben Head
Batting: RHB Jim Villiers 0-0: Ball
1-0: Ball
2-0: Ball
3-0: Called Strike
3-1: Swinging Strike
3-2: Base on Balls
Batting: SHB Tony Yan 0-0: Ball
1-0: Ball
2-0: Ball
3-0: Base on Balls
Jim Villiers to second
Batting: LHB Lyle Wilson 0-0: Ball
1-0: Ball
2-0: Swinging Strike
2-1: SINGLE (Groundball, 5D)
Jim Villiers to third
Tony Yan to second
Runner from 3rd tries for Home, throw and OUT!
Batting: RHB Augusto Baiano 0-0: Foul Ball, location: 2F
0-1: Swinging Strike
0-2: Strikes out looking
Batting: RHB Jaime Rodríguez 0-0: Ball
1-0: Called Strike
1-1: Swinging Strike
1-2: Ball
2-2: Strikes out swinging
Top of the 2nd over - 0 run(s), 1 hit(s), 0 error(s), 2 left on base; Salem 0 - Gainesville 0
BOTTOM OF THE 2ND
Gainesville Guidos batting - Pitching for Salem Silver Souls : RHP Pat Wyatt
Batting: RHB Kyle O'Day 0-0: Ball
1-0: Called Strike
1-1: Foul Ball, location: 2F
1-2: Strikes out swinging
Batting: LHB Pedro Juárez 0-0: Foul Ball, location: 2F
0-1: Ball
1-1: Foul Ball, location: 2F
1-2: Ball
2-2: Ball
3-2: Fly out, F4 (Line Drive, 4M)
Batting: RHB Juan Reyes 0-0: Ground out 6-3 (Groundball, 56)
Bottom of the 2nd over - 0 run(s), 0 hit(s), 0 error(s), 0 left on base; Salem 0 - Gainesville 0
TOP OF THE 3RD
Salem Silver Souls batting - Pitching for Gainesville Guidos : LHP Ben Head
Batting: LHB Nick Scott 0-0: Ball
1-0: Ball
2-0: Bunt missed!
2-1: Ground out 4-3 (Groundball, 4)
Batting: RHB Tom Hughes 0-0: Ball
1-0: Bunted foul
1-1: Called Strike
1-2: Ball
2-2: Strikes out swinging
Batting: LHB Chance Santry 0-0: Called Strike
0-1: Foul Ball, location: 2F
0-2: Ball
1-2: Ball
2-2: Ground out 6-3 (Groundball, 6)
Top of the 3rd over - 0 run(s), 0 hit(s), 0 error(s), 0 left on base; Salem 0 - Gainesville 0
BOTTOM OF THE 3RD
Gainesville Guidos batting - Pitching for Salem Silver Souls : RHP Pat Wyatt
Batting: LHB Scott Young 0-0: Called Strike
0-1: Foul Ball, location: 2F
0-2: Foul Ball, location: 2F
0-2: Ball
1-2: Fly out, F8 (Flyball, 8LM)
Batting: RHB Greg Lee 0-0: Foul Ball, location: 2F
0-1: Foul Ball, location: 2F
0-2: Ball
1-2: Foul Ball, location: 2F
1-2: Strikes out swinging
Batting: RHB Iván Moreno 0-0: Called Strike
0-1: Called Strike
0-2: Ball
1-2: Ball
2-2: DOUBLE (Line Drive, 78D)
Batting: LHB Eddy Jefferson 0-0: Ground out U3 (Groundball, 3S)
Bottom of the 3rd over - 0 run(s), 1 hit(s), 0 error(s), 1 left on base; Salem 0 - Gainesville 0
TOP OF THE 4TH
Salem Silver Souls batting - Pitching for Gainesville Guidos : LHP Ben Head
Batting: RHB Gustavo Pagán 0-0: SOLO HOME RUN (Flyball, 7LD), Distance : 355 ft
Batting: RHB Jim Villiers 0-0: Ball
1-0: Foul Ball, location: 2F
1-1: Ball
2-1: Ball
3-1: Base on Balls
Batting: SHB Tony Yan 0-0: Ball
1-0: Ball
2-0: Called Strike
2-1: Ball
3-1: Base on Balls
Jim Villiers to second
Batting: LHB Lyle Wilson 0-0: Called Strike
0-1: Ball
1-1: Swinging Strike
1-2: Foul Ball, location: 2F
1-2: Ball
2-2: Strikes out swinging
Batting: RHB Augusto Baiano 0-0: Ball
1-0: Called Strike
1-1: SINGLE (Groundball, 56D)
Jim Villiers to third
Tony Yan to second
Runner from 3rd tries for Home, throw and OUT!
Tony Yan to third
Augusto Baiano to second
Batting: RHB Jaime Rodríguez 0-0: Ball
1-0: Ground out 5-3 (Groundball, 56)
Top of the 4th over - 1 run(s), 2 hit(s), 0 error(s), 2 left on base; Salem 1 - Gainesville 0
BOTTOM OF THE 4TH
Gainesville Guidos batting - Pitching for Salem Silver Souls : RHP Pat Wyatt
Batting: RHB Doug Coleman 0-0: Ball
1-0: Swinging Strike
1-1: SINGLE (Groundball, 56D)
Batting: RHB Lynn Ford 0-0: Ball
1-0: Grounds into double play, 4-6-3 (Groundball, 34)
Batting: RHB Kyle O'Day 0-0: Ball
1-0: Ball
2-0: Swinging Strike
2-1: Foul Ball, location: 2F
2-2: Ball
3-2: Strikes out looking
Bottom of the 4th over - 0 run(s), 1 hit(s), 0 error(s), 0 left on base; Salem 1 - Gainesville 0
TOP OF THE 5TH
Salem Silver Souls batting - Pitching for Gainesville Guidos : LHP Ben Head
Batting: LHB Nick Scott 0-0: Ball
1-0: Ground out 4-3 (Groundball, 34)
Batting: RHB Tom Hughes 0-0: Ball
1-0: Ball
2-0: Called Strike
2-1: Fly out, F8 (Flyball, 8RD)
Batting: LHB Chance Santry 0-0: Fly out, F7 (Flyball, 78S)
Top of the 5th over - 0 run(s), 0 hit(s), 0 error(s), 0 left on base; Salem 1 - Gainesville 0
BOTTOM OF THE 5TH
Gainesville Guidos batting - Pitching for Salem Silver Souls : RHP Pat Wyatt
Batting: LHB Pedro Juárez 0-0: Called Strike
0-1: Foul Ball, location: 2F
0-2: Ball
1-2: Strikes out swinging
Batting: RHB Juan Reyes 0-0: Ball
1-0: Ground out 4-3 (Groundball, 4)
Batting: LHB Scott Young 0-0: Foul Ball, location: 2F
0-1: Ball
1-1: Ball
2-1: Ball
3-1: Base on Balls
Pitching: RHP Bob Bartell
Batting: RHB Greg Lee 0-0: Foul Ball, location: 2F
0-1: Swinging Strike
0-2: Strikes out swinging
Bottom of the 5th over - 0 run(s), 0 hit(s), 0 error(s), 1 left on base; Salem 1 - Gainesville 0
TOP OF THE 6TH
Salem Silver Souls batting - Pitching for Gainesville Guidos : LHP Ben Head
Batting: RHB Gustavo Pagán 0-0: Called Strike
0-1: Foul Ball, location: 2F
0-2: Foul Ball, location: 2F
0-2: Ball
1-2: Foul Ball, location: 2F
1-2: Ball
2-2: Ball
3-2: Foul Ball, location: 2F
3-2: Foul Ball, location: 2F
3-2: Strikes out looking
Batting: RHB Jim Villiers 0-0: Called Strike
0-1: Foul Ball, location: 2F
0-2: Ground out 6-3 (Groundball, 56)
Batting: SHB Tony Yan 0-0: Foul Ball, location: 2F
0-1: Swinging Strike
0-2: Ball
1-2: Fly out, F9 (Line Drive, 9)
Top of the 6th over - 0 run(s), 0 hit(s), 0 error(s), 0 left on base; Salem 1 - Gainesville 0
BOTTOM OF THE 6TH
Gainesville Guidos batting - Pitching for Salem Silver Souls : RHP Bob Bartell
Batting: RHB Iván Moreno 0-0: Called Strike
0-1: Foul Ball, location: 2F
0-2: Ball
1-2: Foul Ball, location: 2F
1-2: DOUBLE (Line Drive, 89M)
Batting: LHB Eddy Jefferson 0-0: Foul Ball, location: 2F
0-1: Ball
1-1: Ball
2-1: Fly out, F7 (Flyball, 7)
Batting: RHB Doug Coleman 0-0: Called Strike
0-1: Swinging Strike
0-2: Ball
1-2: Strikes out swinging
Batting: RHB Lynn Ford 0-0: Ground out 1-3 (Groundball, 13)
Bottom of the 6th over - 0 run(s), 1 hit(s), 0 error(s), 1 left on base; Salem 1 - Gainesville 0
TOP OF THE 7TH
Salem Silver Souls batting - Pitching for Gainesville Guidos : LHP Ben Head
Batting: LHB Lyle Wilson 0-0: Swinging Strike
0-1: Ball
1-1: Foul Ball, location: 2F
1-2: Fly out, F9 (Flyball, 9S)
Pitching: RHP Juan Mora
Batting: RHB Augusto Baiano 0-0: Ball
1-0: Ground out 5-3 (Groundball, 56)
Batting: RHB Jaime Rodríguez 0-0: Swinging Strike
0-1: Foul Ball, location: 2F
0-2: Strikes out swinging
Top of the 7th over - 0 run(s), 0 hit(s), 0 error(s), 0 left on base; Salem 1 - Gainesville 0
BOTTOM OF THE 7TH
Gainesville Guidos batting - Pitching for Salem Silver Souls : RHP Bob Bartell
Batting: RHB Kyle O'Day 0-0: Called Strike
0-1: SINGLE (Groundball, 34D)
Batting: LHB Pedro Juárez 0-0: Called Strike
0-1: Ball
1-1: Foul Ball, location: 2F
1-2: Fly out, F7 (Flyball, 7)
Pinch Hitting: LHB Mark Owens 0-0: Called Strike
0-1: Foul Ball, location: 2F
0-2: Ball
1-2: Foul Ball, location: 2F
1-2: Ball
2-2: DOUBLE (Line Drive, 89XD)
Kyle O'Day to third
Kyle O'Day scores
Batting: LHB Scott Young 0-0: Intentional Walk
Batting: RHB Greg Lee 0-0: Called Strike
0-1: Fly out, F7 (Flyball, 7)
Pinch Hitting: RHB Alfredo Díaz 0-0: Called Strike
0-1: Foul Ball, location: 2F
0-2: Ball
1-2: Ball
2-2: Ball
3-2: SINGLE (Flyball, 9S)
Mark Owens to third
Scott Young to second
Mark Owens scores
Scott Young to third
Batting: LHB Eddy Jefferson 0-0: SINGLE (Groundball, 34) (infield hit)
Scott Young scores
Alfredo Díaz to second
Pitching: RHP Andy Hickey
Batting: RHB Doug Coleman 0-0: Swinging Strike
0-1: Ball
Wild Pitch!
Alfredo Díaz to third
Eddy Jefferson to second
1-1: Called Strike
1-2: Strikes out looking
Bottom of the 7th over - 3 run(s), 4 hit(s), 0 error(s), 2 left on base; Salem 1 - Gainesville 3
TOP OF THE 8TH
Salem Silver Souls batting - Pitching for Gainesville Guidos : RHP Juan Mora
Now at 2B: Mark Owens
Now in LF: Alfredo Díaz
Batting: LHB Nick Scott 0-0: Foul Ball, location: 2F
0-1: Ball
1-1: Foul Ball, location: 2F
1-2: Hit by Pitch
Pitching: RHP Matt Johnston
Batting: RHB Tom Hughes 0-0: Ball
1-0: Ball
2-0: Foul Ball, location: 2F
2-1: Foul Ball, location: 2F
2-2: Ball
3-2: SINGLE (Groundball, 34) (infield hit)
Nick Scott to second
Batting: LHB Chance Santry 0-0: Foul Ball, location: 2F
0-1: Ball
1-1: Ball
2-1: Ball
3-1: Base on Balls
Nick Scott to third
Tom Hughes to second
Pinch Hitting: LHB Hamilton Hughes 0-0: Ball
1-0: Foul Ball, location: 2F
1-1: Called Strike
1-2: Fly out, F5 (Popup, 5D)
Batting: RHB Jim Villiers 0-0: Foul Ball, location: 2F
0-1: Grounds into double play, 6-4-3 (Groundball, 6)
Top of the 8th over - 0 run(s), 1 hit(s), 0 error(s), 2 left on base; Salem 1 - Gainesville 3
BOTTOM OF THE 8TH
Gainesville Guidos batting - Pitching for Salem Silver Souls : RHP Andy Hickey
Now in CF: Jermaine Carter
Batting: RHB Lynn Ford 0-0: Ball
1-0: Ground out 4-3 (Groundball, 4MS)
Batting: RHB Kyle O'Day 0-0: Ball
1-0: Called Strike
1-1: SINGLE (Line Drive, 8RS)
Batting: LHB Pedro Juárez 0-0: Called Strike
0-1: Foul Ball, location: 2F
0-2: Ball
1-2: Fly out, F9 (Flyball, 89M)
Batting: LHB Mark Owens 0-0: Swinging Strike
0-1: Called Strike
0-2: Strikes out looking
Bottom of the 8th over - 0 run(s), 1 hit(s), 0 error(s), 1 left on base; Salem 1 - Gainesville 3
TOP OF THE 9TH
Salem Silver Souls batting - Pitching for Gainesville Guidos : RHP Matt Johnston
Pitching: RHP Mario Tovar
Batting: SHB Tony Yan 0-0: Called Strike
0-1: Ball
1-1: Ball
2-1: Fly out, F9 (Line Drive, 9S)
Batting: LHB Lyle Wilson 0-0: Ball
1-0: Swinging Strike
1-1: Ball
2-1: Foul Ball, location: 2F
2-2: SINGLE (Groundball, 6MD)
Pinch Hitting: LHB Joel Nelson 0-0: Foul Ball, location: 2F
0-1: Swinging Strike
0-2: Foul Ball, location: 2F
0-2: Ball
1-2: Strikes out swinging
Pinch Hitting: RHB Jack Snyder 0-0: SINGLE (Groundball, 56D)
Lyle Wilson to second
Batting: LHB Nick Scott 0-0: Ball
1-0: Foul Ball, location: 2F
1-1: Ball
2-1: Ball
3-1: Base on Balls
Lyle Wilson to third
Jack Snyder to second
Batting: RHB Tom Hughes 0-0: Called Strike
0-1: Called Strike
0-2: Ball
1-2: Foul Ball, location: 2F
1-2: Foul Ball, location: 2F
1-2: Foul Ball, location: 2F
1-2: Fielders Choice at 2nd, 4-6 (Groundball, 4)
Top of the 9th over - 0 run(s), 2 hit(s), 0 error(s), 2 left on base; Salem 1 - Gainesville 3
Thursday, March 30th, 2017 - OOTP Baseball 17.12 Build 75